 Dungeon Crawl Stone Soup version 0.29.1-4-g47bece8355 (webtiles) character file.

Game seed: 11899165826608254042

320 fishmans the Cudgeller (level 6, -2/37 HPs)
             Began as a Gargoyle Fighter on Dec 9, 2022.
             Was an Initiate of Okawaru.
             Killed from afar by Grinder (17 damage)
             ... with a bolt of light
             ... on level 3 of the Dungeon.
             The game lasted 00:14:57 (4053 turns).

fishmans the Cudgeller (Gargoyle Fighter)           Turns: 4053, Time: 00:14:58

Health: -2/37      AC: 16    Str: 21    XL:     6   Next: 46%
Magic:  6/6        EV: 13    Int:  9    God:    Okawaru [......]
Gold:   78         SH:  0    Dex:  9    Spells: 5/5 levels left

rFire   . . .      SeeInvis .   a - +0 flail
rCold   . . .      Faith    .   c - +0 buckler
rNeg    + . .      Spirit   .   b - +1 scale mail
rPois   ∞          Reflect  .   (no helmet)
rElec   +          Harm     .   (no cloak)
rCorr   .          Rampage  .   (no gloves)
Will    .....                   (no boots)
Stlth   ..........              (no amulet)
HPRegen 0.12/turn               f - +4 ring of protection
MPRegen 0.10/turn               k - +4 ring of evasion

@: confused
A: sickness immunity, AC +4, negative energy resistance 1, electricity
resistance, torment resistance 1, petrification resistance
a: Renounce Religion


You were on level 3 of the Dungeon.
You worshipped Okawaru.
Okawaru was noncommittal.
You visited 1 branch of the dungeon, and saw 3 of its levels.

You collected 78 gold pieces.

Inventory:

Hand Weapons
 a - a +0 flail (weapon)
Missiles
 s - 2 poisoned darts (quivered)
Armour
 b - a +1 scale mail (worn)
 c - a +0 buckler (worn)
Jewellery
 f - a +4 ring of protection (left hand)
 k - a +4 ring of evasion (right hand)
Wands
 r - a wand of light (5)
Scrolls
 g - a scroll of identify
 i - a scroll of enchant armour
 j - 2 scrolls of amnesia {unknown}
 m - 3 scrolls of enchant weapon {unknown}
 o - a scroll of fear {unknown}
 p - a scroll of magic mapping {unknown}
 q - a scroll of immolation {unknown}
Potions
 d - a potion of might
 e - 5 potions of curing
 h - a potion of mutation {unknown}
 l - a potion of magic {unknown}
 n - 2 potions of attraction {unknown}


   Skills:
 - Level 3.2 Fighting
 + Level 6.6 Maces & Flails
 - Level 3.2 Armour
 - Level 3.2 Shields


You had 5 spell levels left.
You didn't know any spells.
Your spell library contained the following spells:

 Spells                   Type           Power      Damage    Failure   Level
 Foxfire                  Conj/Fire      0%         2x1d4     82%         1
 Shock                    Conj/Air       0%         1d3       82%         1
 Conjure Flame            Conj/Fire      0%         6-21      99%         3
 Inner Flame              Hex/Fire       0%         N/A       99%         3
 Swiftness                Air            0%         N/A       99%         3
 Airstrike                Air            0%         2d(0-16)  100%        4
 Flame Wave               Conj/Fire      0%         2d4       100%        4
 Petrify                  Tmut/Erth      0%         N/A       100%        4
 Irradiate                Conj/Tmut      0%         3d11      100%        5
 Sublimation of Blood     Necr           Unusable   N/A       N/A         2

Dungeon Overview and Level Annotations

Branches:
Dungeon (3/15)

Altars:
Ashenzari
Elyvilon
Okawaru

Annotations:
D:3 1 runed translucent door, Grinder


Innate Abilities, Weirdness & Mutations

You are immune to sickness and miasma.
Your stone body is resilient. (AC +4)
You are immune to poison.
You resist negative energy. (rN+)
You are resistant to electric shocks. (rElec)
You are resistant to unholy torment.
You are immune to petrification.


Message History

Grinder gestures at you.
You suddenly lose the ability to move!
You can move again.
You closely miss Grinder.
Grinder is moderately wounded.
You block Grinder's attack.
You barely miss Grinder.
Grinder is moderately wounded.
Grinder blinks!
You start resting.
Grinder is nearby!
Grinder says, "Tell me all your secrets, or I'll kill you."
You thump Grinder!
Grinder is heavily wounded.
Grinder hits you.
You writhe in agony.
Grinder blinks!
Grinder zaps a wand.
The bolt of light hits you!
You barely miss Grinder.
Grinder is heavily wounded.
You block Grinder's attack.
You sock Grinder!
Grinder is severely wounded.
Grinder zaps a wand.
The bolt of light misses you.
You sock Grinder!
Grinder is almost dead.
You block Grinder's attack.
You hit Grinder.
Grinder is almost dead.
Grinder blinks!
Throw: 3 darts (poison)
Press: ? - help, Q - select action, (/) - cycle Shift-Dir - straight line, f - Grinder
Aim: Grinder, carrying a wand of light (7) (almost dead, 50% to hit)
You throw a poisoned dart. The poisoned dart hits Grinder.
Grinder is almost dead.
Grinder zaps a wand.
The bolt of light hits you.
You are confused.
Non-targeted confused throw: 2 darts (poison)
Press: ? - help, Q - select action, (/) - cycle Dir - look around, f - activate
Okay, then.
Grinder zaps a wand.
The bolt of light hits you!
You die...

########)# #.# #.#
♣♣ #.# ♣.♣♣
♣♣#####.## ....♣
♣♣.....#..#
.....♣♣♣.......#)#
≈~≈...♣...≈~≈....#
≈~≈≈.....≈≈~≈≈§@.#
~_~~.....~~♣~~...#
≈~≈≈.....≈≈~≈≈..##
≈~≈...♣...≈~≈...#
..... ♣♣..5....##
...5 ♣♣.....## ♣.♣
♣♣##### ♣


You could see Grinder.

Vanquished Creatures
  2 orc priests (D:3)
  Ijyb (D:3)
  Natasha (twice) (D:3)
  7 gnolls (D:2)
  4 adders
  2 worms
  A dart slug (D:2)
  6 orcs (D:3)
  5 endoplasms
  3 giant cockroaches
  2 goblins
  6 hobgoblins
  2 jackals (D:2)
  7 kobolds
  3 quokkas
  7 ball pythons
  7 bats
  3 frilled lizards
  A kobold zombie (D:3)
  11 rats
82 creatures vanquished.

Notes
Turn   | Place    | Note
-------+----------+-------------------------------------------
     0 | D:1      | fishmans the Gargoyle Fighter began the quest for the Orb.
     0 | D:1      | Reached XP level 1. HP: 14/14 MP: 1/1
   194 | D:1      | Reached XP level 2. HP: 19/19 MP: 2/2
   355 | D:1      | Reached skill level 3 in Maces & Flails
   435 | D:1      | You fall into a shaft and drop 1 floor!
   521 | D:2      | Reached XP level 3. HP: 12/23 MP: 3/3
  1318 | D:1      | Reached skill level 4 in Maces & Flails
  1334 | D:1      | Found a faded altar of an unknown god.
  1701 | D:2      | Identified the +1 quarterstaff of Urron {venom, *Rage rElec
                  | Str+3 SInv}
  1746 | D:2      | Reached XP level 4. HP: 20/28 MP: 4/4
  2326 | D:2      | Reached skill level 5 in Maces & Flails
  2326 | D:2      | Reached XP level 5. HP: 21/32 MP: 5/5
  2758 | D:3      | Found a broken altar of Ashenzari.
  2759 | D:3      | Found an iron altar of Okawaru.
  2789 | D:3      | Became a worshipper of Warmaster Okawaru
  2952 | D:3      | Noticed Natasha
  2966 | D:3      | Killed Natasha
  3611 | D:3      | Reached skill level 6 in Maces & Flails
  3611 | D:3      | Reached XP level 6. HP: 37/37 MP: 6/6
  3633 | D:3      | Noticed Ijyb
  3681 | D:3      | Killed Ijyb
  3733 | D:3      | Found a runed translucent door.
  3733 | D:3      | Noticed a human
  3941 | D:3      | Noticed Natasha
  3947 | D:3      | Killed Natasha
  4007 | D:3      | Found a white marble altar of Elyvilon.
  4008 | D:3      | Noticed Grinder
  4029 | D:3      | Paralysed by Grinder for 3 turns
  4053 | D:3      | Killed from afar by Grinder

Illustrated notes

Levels and vault maps discovered:
D:1:      dpeg_arrival_shrine, layout_basic,
          hellmonk_ecumenical_altar_inner_sanctum, minmay_misc_feat_doors
D:2:      kb_forest_paths, layout_basic, minivault_24, minmay_misc_feat_room,
          grunt_ministairs_7
D:3:      layout_basic, mainiacjoe_overflow_paths, dk_yredelemnul_ordeal,
          ashenzari_altar_1, elyvilon_altar_3, grunt_ministairs_4, minmay_puff,
          uniq_ijyb, uniq_robin, uniq_grinder, uniq_natasha

Skill      XL: |  1  2  3  4  5 |
---------------+----------------+-----
Maces & Flails | 3 4 5 6 |  6.6
Fighting       | |  3.2
Armour         | |  3.2
Shields        | |  3.2

Action                   |  1- 3 |  4- 6 || total
-------------------------+-------+-------++-------
Melee: Flail             |   130 |   182 ||   312
Throw: Dart              |       |     1 ||     1
  Use: Scroll            |       |     4 ||     4
Armor: Scale mail        |    84 |    71 ||   155
Dodge: Dodged            |    80 |    92 ||   172
Block: Buckler           |    26 |    29 ||    55
